 Dungeon Crawl Stone Soup version 0.16-a0-1301-gf74d490 (console) character file.

40 Orcus the Ogre Mage (level 3, -2/33 HPs)
             Began as an Ogre Fire Elementalist on Oct 15, 2014.
             Killed from afar by Natasha (7 damage)
             ... with a wand of magic darts
             ... on level 3 of the Dungeon.
             The game lasted 00:11:06 (1397 turns).

Orcus the Ogre Mage (Ogre Fire Elementalist)        Turns: 1397, Time: 00:11:06

Health: -2/33      AC:  4    Str: 14    XL:     3   Next: 50%
Magic:  1/6        EV: 10    Int: 14    God:
Gold:   67         SH:  0    Dex: 10    Spells: 1 memorised, 6 levels left

rFire  . . .     SeeInvis .     q - +0 club
rCold  . . .     Clarity  .     a - +0 robe
rNeg   . . .     SustAb   .     (shield restricted)
rPois  .         Gourm    .     (helmet restricted)
rElec  .         Spirit   .     r - +0 cloak
rCorr  .         Warding  .     (gloves unavailable)
rMut   .         Stasis   .     (boots unavailable)
MR     .....                    (no amulet)
Stlth  +.........               (no ring)
                                (no ring)

@: very slightly contaminated, slowed, invisible, very slow, not resistant to
hostile enchantments, very unstealthy
A: unfitting armour, tough skin 1
a: no special abilities


You were on level 3 of the Dungeon.
You were very hungry.

You visited 1 branch of the dungeon, and saw 3 of its levels.

You collected 67 gold pieces.

Inventory:

Hand weapons
 d - a +0 spear
 q - a +0 club (weapon)
Missiles
 e - 13 stones (quivered)
Armour
 a - a +0 robe (worn)
 r - a +0 cloak (worn)
Scrolls
 m - 2 scrolls of amnesia
 n - a scroll of random uselessness {unknown}
 p - a scroll of noise {unknown}
Books
 b - a book of Flames

   Spells                             Type                      Level
   *Flame Tongue                      Conjuration/Fire             1
   Throw Flame                        Conjuration/Fire             2
   Conjure Flame                      Conjuration/Fire             3
   Inner Flame                        Hexes/Fire                   3
   Sticky Flame                       Conjuration/Fire             4
   Fireball                           Conjuration/Fire             5
Comestibles
 c - 3 meat rations


   Skills:
 + Level 1.0 Fighting
 * Level 1.1 Maces & Flails
 + Level 1.9 Dodging
 + Level 1.9 Stealth
 + Level 2.5 Spellcasting
 * Level 1.2 Conjurations
 * Level 2.4 Fire Magic


You had 6 spell levels left.
You knew the following spells:

 Your Spells              Type           Power        Failure   Level  Hunger
a - Flame Tongue          Conj/Fire      #....        12%         1    #......


Dungeon Overview and Level Annotations

Branches:
Dungeon (3/15)

Altars:

Annotations:
D:2 Terence
D:3 Natasha


Innate Abilities, Weirdness & Mutations

You are too large for most types of armour.
You have tough skin (AC +1).


Message History

Okay, then.
Natasha zaps a wand.
The magic dart hits you!
* * * LOW HITPOINT WARNING * * *
An orc priest comes into view. It is wielding a club.
Natasha stares at you and mumbles some strange words.
You feel yourself slow down.
You aren't carrying any potions. 2 orcs come into view.
Read which item? (? for menu, Esc to quit)
As you read the scroll labeled PREZAA SOOTUWICW, it crumbles to dust.
Forget which spell ([?*] list [ESC] exit)?
Forget which spell ([?*] list [ESC] exit)?
Okay, then.
It was a scroll of amnesia.
You aren't carrying any potions.
Natasha zaps a wand.
The magic dart hits you!
* * * LOW HITPOINT WARNING * * *
You are feeling very hungry.
Natasha zaps a wand.
The magic dart hits you!
You die...

########## ####........#
............########
.............h......#
........@..........h##+
........#...#...........
.......#...#<.........
.......#...#..........
...........#####......
........... .....
......o.... ##..
........... .
...........


You could see an orc priest (sleeping) and Natasha.

Vanquished Creatures
  An adder (D:2)
  A worm (D:2)
  A giant gecko (D:2)
  5 bats
  2 giant cockroaches (D:1)
  A hobgoblin (D:2)
  3 jackals (D:2)
  4 goblins
  3 kobolds
  3 rats
24 creatures vanquished.

Notes
Turn   | Place    | Note
--------------------------------------------------------------
     0 | D:1      | Orcus, the Ogre Fire Elementalist, began the quest for the Orb.
     0 | D:1      | Reached XP level 1. HP: 16/16 MP: 3/3
     0 | D:1      | welcome!
     0 | D:1      | time to end this chapter
     0 | D:1      | now or never
   372 | D:1      | Reached skill level 1 in Conjurations
   372 | D:1      | Reached XP level 2. HP: 26/26 MP: 1/5
  1114 | D:2      | Reached skill level 1 in Maces & Flails
  1114 | D:2      | Reached XP level 3. HP: 28/32 MP: 0/6
  1186 | D:2      | Noticed Terence
  1235 | D:2      | Reached skill level 1 in Fighting
  1387 | D:3      | Noticed Natasha
  1397 | D:3      | Killed from afar by Natasha

Action                   || total
-------------------------++-------
Melee: Unarmed           ||     1
       Club              ||    20
Throw: Stone             ||    10
       Javelin           ||     7
 Cast: Flame Tongue      ||    44
  Use: Potion            ||     5
       Scroll            ||     4
 Stab: Invisible         ||     2
  Eat: Beef jerky        ||     1
